[Event "*** Titled Tuesday Blitz"]
[Site "Chess.com"]
[Date "2020.11.03"]
[Round "8"]
[White "A-S-00"]
[Black "LimeInTheCoconut"]
[Result "1-0"]
[WhiteElo "2327"]
[BlackElo "2419"]
[TimeControl "180+1"]
[EndTime "11:32:40 PST"]
[Termination "A-S-00 won by checkmate"]

1. e4 c6 2. d4 d5 3. Nd2 dxe4 4. Nxe4 Bf5 5. Ng3 Bg6 6. h4 h6 7. Bd3 Bxd3 8. Qxd3 Nf6 9. Nf3 e6 10. Bf4 c5 11.
O-O-O Nc6 12. Rhe1 cxd4 13. Nxd4 Qxd4 14. Qxd4 Nxd4 15.
Rxd4 Bc5 16. Rd2 O-O 17. c3 Nd5 18. Be5 Rac8 19. Bd4 Nf4 20. Ne4 Bxd4 21. Rxd4 e5 22. Rd6 Nxg2 23. Rg1 Nxh4 24. Rxh6 Ng6 25. Rh2 Rfd8 26.
Ng5 Rd3 27. Rgh1 Rcd8 28. Kc2 Rd2+ 29. Kb3 Kf8 30. Ne4 R2d5 31. Rg2 Ke7 32. Rh7 Rb5+ 33.
Kc2 Kf8 34. Ng5 Rbd5 35. Ne4 Rd1 36. Rgh2 Re1 37. Ng3 Rdd1 38. Nf5 Rc1+ 39. Kb3 Ke8 40. Rxg7 Nf4 41. Rh8+ Kd7 42. Rxf7+ Ke6 43. Rhf8 Nd3 44. Re7+ Kd5 45. Rd7+ Ke4 46. Ng3# 1-0

[Event "*** Titled Tuesday Blitz"]
[Site "Chess.com"]
[Date "2020.11.03"]
[Round "8"]
[White "Roza_Idrisova"]
[Black "Kotofeyca"]
[Result "0-1"]
[WhiteElo "2201"]
[BlackElo "2374"]
[TimeControl "180+1"]
[EndTime "11:32:41 PST"]
[Termination "Kotofeyca won on time"]

1. d4 d5 2. Nf3 c6 3. Bf4 Bg4 4. Nbd2 Nd7 5. c3 e6 6. e3 f5 7. h3 Bh5 8. Qc2 Ngf6 9. Bd3 Ne4 10. Ne5 Ndf6 11. Ndf3 Bd6 12. Bh2 O-O 13. O-O Rc8 14.
b4 b6 15. Qb2 c5 16. Rfc1 c4 17. Be2 g5 18. Ne1 Bxe2 19. Qxe2 Qc7 20. a4 Nd7 21. f3 Nef6 22. f4 Ne4 23. N1f3 gxf4 24. exf4 Ndf6 25. Kh1 Kh8 26. a5 b5 27. Ng5 Nxg5 28.
fxg5 Ne4 29. Bf4 Rg8 30. Qe3 Rg7 31. Rc2 Rcg8 32. h4 Qe7 33. g3 h6 34. Rh2 Rh7 35.
gxh6 Qf6 36. Rg1 Bf8 37. Bg5 Nxg5 38. hxg5 Rxg5 39. Qxg5 Qxg5 40. g4 f4 41. Rf1 Bd6 0-1

[Event "*** Titled Tuesday Blitz"]
[Site "Chess.com"]
[Date "2020.11.03"]
[Round "8"]
[White "Ausbildung"]
[Black "grandcoach"]
[Result "1-0"]
[WhiteElo "2205"]
[BlackElo "2078"]
[TimeControl "180+1"]
[EndTime "11:32:42 PST"]
[Termination "Ausbildung won by resignation"]

1. e4 c5 2. c4 Nc6 3. Nc3 g6 4. d3 Bg7 5. Nge2 e6 6. g3 Nge7 7. Bg2 O-O 8. O-O b6 9. Rb1 Bb7 10. a3 Nd4 11. Nxd4 cxd4 12. Ne2 f5 13. b4 Rc8 14. Bg5 fxe4 15. dxe4 Rxc4 16. Qd3 b5 17. Rfc1 h6 18. Bxe7 Qxe7 19. Rxc4 bxc4 20. Qxc4 Qf6 21. f4 Rc8 22. Qd3 Qd8 23. e5 Bxg2 24. Kxg2 d6 25. Rd1 dxe5 26. fxe5 Qd5+ 27. Kh3 Qxe5 28.
Nf4 Qf5+ 29. Qxf5 exf5 30. Nxg6 Rc3 31. Ne7+ Kf8 32. Nxf5 Rxa3 33. Nxg7 Kxg7 34. Rxd4 Rb3 35. Kg4 Kg6 36. h4 h5+ 37. Kf4 Kf6 38. Rc4 Kg6 39.
Rc6+ Kg7 40. Rc7+ Kf6 41. Rc6+ Kg7 42. Rc4 Kf6 43. g4 hxg4 44. Kxg4 Kg6 45. Kf4 Kh5 46. Ke5 Ra3 47. Kd6 a5 48. b5 Rb3 49. Kc6 Rb4 50. Rxb4 axb4 51. b6 b3 52. b7 b2 53. b8=Q b1=Q 54. Qxb1 1-0

[Event "*** Titled Tuesday Blitz"]
[Site "Chess.com"]
[Date "2020.11.03"]
[Round "8"]
[White "Andreikka"]
[Black "Airquake"]
[Result "1-0"]
[WhiteElo "2927"]
[BlackElo "2647"]
[TimeControl "180+1"]
[EndTime "11:32:43 PST"]
[Termination "Andreikka won by checkmate"]

1. e4 c5 2. Nf3 d6 3. d4 cxd4 4. Nxd4 Nf6 5. Nc3 a6 6. f4 Qc7 7. f5 b5 8. g4 Bb7 9. Bg2 b4 10. Nd5 Nxd5 11. exd5 Nd7 12. O-O g6 13. Kh1 Bg7 14.
Bg5 Ne5 15. Qe2 Rc8 16. Nc6 f6 17. Bd2 Nxc6 18. dxc6 Bxc6 19. Bxb4 Bxg2+ 20. Qxg2 Qxc2 21. Bc3 Qxg2+ 22. Kxg2 gxf5 23. gxf5 Bh6 24. Rae1 Kf7 25.
Re4 Rhg8+ 26. Kh3 Rg5 27. Rh4 Bg7 28. Bd2 h6 29. Bxg5 fxg5 30. Ra4 Bxb2 31. Rxa6 Rc3+ 32.
Kg2 Ba3 33. Rf3 Rc2+ 34. Rf2 Rc3 35. Rf3 Rc2+ 36. Kh3 Bc1 37. Kg4 Rxh2 38. f6 exf6 39. Rxd6 Bf4 40. Kf5 Bxd6 41. Rd3 Be5 42. Rd7+ Ke8 43.
Rh7 Rf2+ 44. Ke6 Rf4 45. Rh8# 1-0

[Event "*** Titled Tuesday Blitz"]
[Site "Chess.com"]
[Date "2020.11.03"]
[Round "8"]
[White "AndrewMaco"]
[Black "Sanan_Sjugirov"]
[Result "0-1"]
[WhiteElo "2673"]
[BlackElo "2847"]
[TimeControl "180+1"]
[EndTime "11:32:45 PST"]
[Termination "Sanan_Sjugirov won on time"]

1. e4 c5 2. Nf3 d6 3. d4 cxd4 4. Nxd4 Nf6 5. Nc3 a6 6. f3 e5 7. Nb3 Be6 8. Be3 h5 9. Nd5 Bxd5 10. exd5 Nbd7 11. Qd2 g6 12. O-O-O Bg7 13. Kb1 b6 14. Be2 Nc5 15. g4 Qc7 16. h4 a5 17. a4 Kf8 18. g5 Nfd7 19. Bb5 Kg8 20. Rhf1 Kh7 21. f4 exf4 22. Rxf4 Ne5 23. Nd4 Rhf8 24.
Rdf1 Rac8 25. Qe2 Kg8 26. Nc6 Rce8 27. Nxe5 Rxe5 28. Qf3 Qe7 29. Bd2 Re4 30. Rxe4 Nxe4 31. Bc1 Qe5 32. Qd3 Nc5 33. Qf3 Qd4 34. Rd1 Qxh4 35. b3 Ne4 36. Bb2 Bxb2 37. Kxb2 Nxg5 38. Qf6 Qg3 39. Rd3 Ne4 40. Qd4 Qg4 41. Qxb6 Nc5 42. Rc3 Qb4 0-1

[Event "*** Titled Tuesday Blitz"]
[Site "Chess.com"]
[Date "2020.11.03"]
[Round "8"]
[White "davigator"]
[Black "keepitcoming"]
[Result "1-0"]
[WhiteElo "2391"]
[BlackElo "2518"]
[TimeControl "180+1"]
[EndTime "11:32:45 PST"]
[Termination "davigator won by resignation"]

1. e4 c6 2. d4 d5 3. e5 Bf5 4. h4 h5 5. c4 e6 6. Nc3 Ne7 7. Bg5 Qb6 8. Qd2 Ng6 9. a3 a5 10. Be2 Qb3 11. c5 Qc2 12. Nf3 Nd7 13.
Rc1 Qxd2+ 14. Kxd2 f6 15. exf6 gxf6 16. Be3 e5 17. b4 e4 18. Ne1 Bg4 19. f3 exf3 20. gxf3 Bf5 21. Nd3 Be7 22. Nf4 Kf7 23. Ra1 Ndf8 24. b5 Bd7 25. b6 Nxf4 26. Bxf4 Ne6 27. Be3 f5 28. Bd3 f4 29. Bf2 Bf6 30. Ne2 Rae8 31.
Rag1 Rhg8 32. Bh7 Rg7 33. Bc2 Reg8 34. Rxg7+ Rxg7 35. Rh2 Bc8 36. Kd3 Nd8 37. Kd2 Ne6 38.
Bd3 Rg8 39. Ke1 Bh8 40. Kf1 Kf6 41. Rg2 Rxg2 42. Kxg2 Bg7 43. Kf1 Bh6 44. Ke1 Bg7 45. Kd1 Kf7 46. Kc2 Nd8 47. Kb3 Ke6 48. Ka4 Nf7 49.
Kxa5 Nh6 50. Kb4 Nf5 51. Bxf5+ Kxf5 52. a4 Bf6 53. a5 Be7 54. Kc3 Bf6 55. Kd3 Be7 56. Nc1 Bf6 57. Nb3 Be7 58. a6 bxa6 59. Na5 Bd8 60. Nxc6 Bf6 61. Na5 Kg6 62. b7 Bf5+ 63.
Kc3 Bxd4+ 64. Bxd4 1-0

[Event "*** Titled Tuesday Blitz"]
[Site "Chess.com"]
[Date "2020.11.03"]
[Round "8"]
[White "vanyakuba"]
[Black "Zarikovs1999"]
[Result "0-1"]
[WhiteElo "2500"]
[BlackElo "2364"]
[TimeControl "180+1"]
[EndTime "11:32:49 PST"]
[Termination "Zarikovs1999 won on time"]

1. e4 c5 2. Nc3 d6 3. f4 g6 4. d4 Bg7 5. dxc5 Qa5 6. cxd6 Bxc3+ 7. bxc3 Qxc3+ 8. Bd2 Qd4 9. Bd3 Qxd6 10. Nf3 Qc5 11. Rb1 Nf6 12. Rb5 Qc6 13. e5 Ne4 14. Nd4 Qd7 15. Bxe4 Qxd4 16. Bf3 O-O 17. Qe2 Qa1+ 18. Qd1 Qxa2 19. O-O Qc4 20. Be2 Qd4+ 21. Kh1 Nc6 22. Qe1 Qe4 23. Bf3 Qxe1 24. Rxe1 Nd4 25. Rb2 Nxf3 26. gxf3 b6 27. Kg2 Bf5 28. Kf2 Rfc8 29.
Rc1 Rc4 30. Be3 Rac8 31. c3 Rxc3 32. Rxc3 Rxc3 33. Rb4 Rc2+ 34. Ke1 Rxh2 35. Ra4 Rh3 36. Kf2 Rh2+ 37. Ke1 Bd3 38. Bf2 b5 39. Rxa7 e6 40. Bc5 Kg7 41. Ra8 Re2+ 42. Kd1 Kh6 43. Be7 Kh5 0-1

[Event "*** Titled Tuesday Blitz"]
[Site "Chess.com"]
[Date "2020.11.03"]
[Round "8"]
[White "Brave_spirit12"]
[Black "Sueetin"]
[Result "1-0"]
[WhiteElo "2496"]
[BlackElo "2317"]
[TimeControl "180+1"]
[EndTime "11:32:49 PST"]
[Termination "Brave_spirit12 won by resignation"]

1. e4 e6 2. d4 d5 3. exd5 exd5 4. Nc3 c6 5. Bd3 Bd6 6. Nge2 Ne7 7. Bg5 f6 8. Bh4 Bf5 9. Qd2 Nd7 10. O-O-O O-O 11. g4 Bxd3 12. Qxd3 Ng6 13. Bg3 Qc7 14. h4 Rae8 15.
h5 Nf4 16. Nxf4 Bxf4+ 17. Kb1 Bxg3 18. fxg3 Nb6 19. b3 Nc8 20. Rde1 Nd6 21. h6 g6 22.
Rhf1 Rxe1+ 23. Rxe1 Re8 24. Rf1 Qe7 25. Kb2 Qe6 26.
Qf3 Nf7 27. Qf4 Qd6 28. Qxd6 Nxd6 29. Rxf6 Nf7 30. Na4 Nxh6 31. Nc5 Nxg4 32. Rd6 Re7 33. Rd8+ Kg7 34. a4 h5 35. a5 b6 36. axb6 axb6 37.
Na4 b5 38. Nc5 g5 39. Rd6 h4 40. gxh4 gxh4 41. Rxc6 h3 42. Ne6+ Rxe6 43. Rxe6 h2 44. Re1 Nf2 45. Kc3 h1=Q 46. Rxh1 Nxh1 47. Kb4 Kf6 48.
Kxb5 Ke6 49. Kc6 Ng3 50. b4 Nf5 51. c3 Ne7+ 52. Kc7 Nf5 53. b5 Nd6 54. b6 Nb5+ 55.
Kc6 Nxc3 56. b7 Na4 1-0

[Event "*** Titled Tuesday Blitz"]
[Site "Chess.com"]
[Date "2020.11.03"]
[Round "8"]
[White "TST2014"]
[Black "tsvet2005"]
[Result "1-0"]
[WhiteElo "2515"]
[BlackElo "2685"]
[TimeControl "180+1"]
[EndTime "11:32:52 PST"]
[Termination "TST2014 won on time"]

1. d4 d5 2. c4 e6 3. Nf3 Nf6 4.
Nc3 c6 5. e3 Nbd7 6. Qc2 Bd6 7.
Be2 O-O 8. O-O dxc4 9. a4 e5 10.
Bxc4 exd4 11. exd4 Nb6 12. Bb3 Nbd5 13. Bg5 Qa5 14. Bd2 Nb4 15. Qd1 Bf5 16. Na2 Qb6 17. a5 Qb5 18. Nxb4 Bxb4 19. Ba4 Qxa5 20. Bxc6 Qb6 21.
Qb3 Bxd2 22. Qxb6 axb6 23. Bxb7 Rxa1 24. Rxa1 Bb4 25. Ra6 Nd7 26. Ne5 Nxe5 27. dxe5 Rd8 28. h3 Bc5 29. g4 Be6 30. b4 Bd4 31. Kg2 h6 32. f4 Bd5+ 33. Bxd5 Rxd5 34. Ra8+ Kh7 35.
Ra7 Kg6 36. Kf3 Bc3 37. h4 Rd3+ 38. Ke4 Rd4+ 39. Ke3 Rxb4 40. h5+ Kh7 41. Rxf7 Kg8 42. Rc7 Bb2 43. e6 Bd4+ 44. Kf3 Bc5 45. Rc8+ Kh7 46. Rc7 Ra4 47. f5 Ra8 48. f6 Bd4 49.
Rxg7+ Kh8 50. Rf7 Re8 51. e7 Kg8 52. Rg7+ Kh8 53. f7 1-0

[Event "*** Titled Tuesday Blitz"]
[Site "Chess.com"]
[Date "2020.11.03"]
[Round "8"]
[White "Rakhimzhan_Alen"]
[Black "ApacheSVD"]
[Result "1-0"]
[WhiteElo "2624"]
[BlackElo "2431"]
[TimeControl "180+1"]
[EndTime "11:32:53 PST"]
[Termination "Rakhimzhan_Alen won by resignation"]

1. d4 Nf6 2. c4 e6 3. Nc3 Bb4 4. Qc2 Nc6 5. Nf3 d6 6. e4 O-O 7. a3 Bxc3+ 8. bxc3 e5 9. d5 Ne7 10. Bd3 c5 11. O-O Ng6 12. Re1 Nh5 13.
g3 Bg4 14. Nd2 Qg5 15. Nf1 Nhf4 16. h4 Nxh4 17. gxh4 Nh3+ 18. Kh2 Qxh4 19. Kg2 Ng5 20. f4 Bf3+ 21. Kg1 Qh1+ 22. Kf2 Nh3+ 23. Kg3 exf4+ 24. Bxf4 h5 25. Qh2 Nxf4 26. Qxh1 Bxh1 27. Kxf4 Rae8 28.
Ng3 Bg2 29. Nxh5 Re5 30. Ng3 g5+ 31. Ke3 f5 32. Kf2 fxe4+ 33. Kxg2 exd3 34. Rxe5 dxe5 35. Rd1 Rf4 36. Rxd3 Kf8 37. d6 Ke8 38. d7+ Kd8 39. Nh5 Rf7 40. Kg3 Rxd7 41. Rxd7+ Kxd7 42. Kg4 Kc6 43. Kxg5 b5 44. Kf5 bxc4 45. Kxe5 Kb5 46. Kd5 Ka4 47. Kxc4 Kxa3 48. Nf4 a5 49. Ne6 a4 50.
Nxc5 Kb2 51. Nxa4+ 1-0

[Event "*** Titled Tuesday Blitz"]
[Site "Chess.com"]
[Date "2020.11.03"]
[Round "8"]
[White "CaspiIsrael"]
[Black "DishonorOnYourCow"]
[Result "1-0"]
[WhiteElo "2609"]
[BlackElo "2418"]
[TimeControl "180+1"]
[EndTime "11:32:53 PST"]
[Termination "CaspiIsrael won on time"]

1. e4 e5 2. Nf3 Nc6 3. d4 exd4 4. Nxd4 Nf6 5. Nxc6 bxc6 6. e5 Qe7 7. Qe2 Nd5 8. c4 Nb6 9. Nc3 d6 10. exd6 Qxe2+ 11. Bxe2 cxd6 12. Bf4 Be6 13. b3 d5 14. cxd5 Bb4 15.
Bd2 cxd5 16. Nb5 Bxd2+ 17. Kxd2 Kd7 18. Rac1 Rhc8 19. f3 a6 20. Nd4 Kd6 21. a4 a5 22.
Bd3 Nd7 23. Nb5+ Ke7 24. Rhe1 Nc5 25. Bc2 Kd7 26. Re3 g6 27. h4 Rab8 28. Rc3 Na6 29. Bd3 Rxc3 30. Rxc3 Nb4 31. Rc7+ Kd8 32. Ra7 Nc6 33.
Ra6 Kd7 34. Na7 Nb4 35. Bb5+ Rxb5 36. axb5 Nxa6 37. bxa6 Kc7 38. Nb5+ Kb6 39. a7 Kb7 40. Kc3 Bd7 41. Nd6+ Kxa7 42. Nxf7 Kb6 43. Ng5 h6 44. Nf7 h5 45. Ne5 Bf5 46. g4 hxg4 47. fxg4 Be4 48.
Nd7+ Kb5 49. Nf6 Bf3 50. h5 gxh5 51. g5 d4+ 52. Kxd4 1-0

[Event "*** Titled Tuesday Blitz"]
[Site "Chess.com"]
[Date "2020.11.03"]
[Round "8"]
[White "IceBelka"]
[Black "GM_LOADING"]
[Result "1-0"]
[WhiteElo "2223"]
[BlackElo "2460"]
[TimeControl "180+1"]
[EndTime "11:32:53 PST"]
[Termination "IceBelka won by resignation"]

1. e4 e5 2. Nf3 Nc6 3. d4 exd4 4.
Nxd4 Bc5 5. Be3 Qf6 6. c3 Nge7 7.
g3 O-O 8. Bg2 d6 9. O-O Re8 10.
Qd2 Bb6 11. f4 Bd7 12. Na3 Rad8 13. Rae1 h6 14. h3 Nxd4 15. cxd4 Nc6 16. Nc2 Qe7 17. Kh2 Qf8 18. Qf2 d5 19. e5 Ne7 20. g4 Rc8 21. f5 f6 22. e6 Bb5 23. Rg1 Bd3 24.
Nb4 Be4 25. Bxe4 dxe4 26. a3 a5 27. Nc2 Nd5 28. Qg2 c5 29. Qxe4 Qd6+ 30. Kh1 cxd4 31. Nxd4 Nxe3 32. Nb5 Qd2 33. Nc3 Qd4 34. Qxb7 Rc7 35.
Qe4 Qxe4+ 36. Nxe4 Rc2 37. Nd6 Re7 38. b4 axb4 39. axb4 Nd5 40. Rg2 Rxg2 41. Kxg2 Bc7 42. Nc8 Re8 43. Na7 Be5 44. Nc6 Nf4+ 45. Kf3 Nd3 46.
Re3 Rc8 47. Rxd3 Rc7 48. Rd8+ 1-0

[Event "*** Titled Tuesday Blitz"]
[Site "Chess.com"]
[Date "2020.11.03"]
[Round "8"]
[White "kleopl"]
[Black "Chernobay_Artem"]
[Result "0-1"]
[WhiteElo "2446"]
[BlackElo "2621"]
[TimeControl "180+1"]
[EndTime "11:32:55 PST"]
[Termination "Chernobay_Artem won by resignation"]

1. c4 Nf6 2. Nc3 g6 3. g3 Bg7 4. Bg2 d6 5. e4 O-O 6. Nge2 e5 7.
O-O Nc6 8. h3 Nd4 9. Nxd4 exd4 10. Ne2 c5 11. d3 Rb8 12. f4 a6 13. g4 b5 14. cxb5 axb5 15. f5 Nd7 16. Nf4 Ne5 17.
Nd5 Re8 18. Bf4 Bb7 19. Bxe5 Bxe5 20. Qf3 Rf8 21. b3 Qg5 22. Kh1 Ra8 23. Nc7 Ra5 24. a4 bxa4 25. Rxa4 Rxa4 26. bxa4 Qd8 27. Nd5 Ba6 28.
Rb1 c4 29. dxc4 Bxc4 30. Nb6 Ba2 31. Rb2 Qc7 32. Qd1 Rb8 33. a5 Qc3 34. Rxa2 Qg3 35.
Qg1 d3 36. Rd2 Bc3 37. Rd1 Bxa5 38. Nd5 Rb2 39. fxg6 hxg6 40. Qf1 Rf2 41. Qg1 d2 42. Ra1 Re2 43. Bf1 Qxg1+ 44. Kxg1 Re1 45. Rxa5 Rxf1+ 46. Kxf1 d1=Q+ 47. Kf2 Qd2+ 48. Kf3 Qxa5 0-1

[Event "*** Titled Tuesday Blitz"]
[Site "Chess.com"]
[Date "2020.11.03"]
[Round "8"]
[White "Maghalashvili"]
[Black "gmmoranda"]
[Result "0-1"]
[WhiteElo "2687"]
[BlackElo "2886"]
[TimeControl "180+1"]
[EndTime "11:32:56 PST"]
[Termination "gmmoranda won on time"]

1. Nf3 Nf6 2. g3 d5 3. Bg2 e6 4.
O-O Be7 5. c4 d4 6. e3 c5 7.
exd4 cxd4 8. d3 Nc6 9. Re1 O-O 10.
Na3 Nd7 11. Bf4 h6 12. Nb5 Bb4 13. Re2 Bc5 14. a3 a6 15. Nc7 Ra7 16. Rxe6 fxe6 17. Nxe6 Qf6 18. Nxf8 Nxf8 19. b4 Be7 20. b5 axb5 21.
cxb5 Nd8 22. Be5 Qf5 23. Bxd4 Rxa3 24. Rxa3 Bxa3 25. Qb3+ Be6 26. Qxa3 Qxb5 27. Qe7 Qd7 28. Bc5 Ng6 29. Qxd7 Bxd7 30. d4 Ne6 31. Bb6 Bc6 32. Bh3 Nef4 33. gxf4 Bxf3 34. Be6+ Kf8 35. f5 Nf4 36.
Bc5+ Ke8 37. Bc8 Kd8 38. Be6 Ke8 39. Kf1 Bg4 40. Bc8 Bf3 41. Ke1 Bd5 42. Kd2 Kd8 43. Be6 Bxe6 44. fxe6 Nxe6 45. Bb6+ Kd7 46. Kd3 Kc6 47.
Ba5 Kd5 48. Bd2 Nxd4 49. Bc3 Nf5 50. Bb4 b5 51. Bf8 g6 52. Ke2 Ke4 53. f3+ Kd4 54. Ba3 Kc3 0-1

[Event "*** Titled Tuesday Blitz"]
[Site "Chess.com"]
[Date "2020.11.03"]
[Round "8"]
[White "DinaBelenkaya"]
[Black "BegmuratovKh2010"]
[Result "0-1"]
[WhiteElo "2344"]
[BlackElo "2460"]
[TimeControl "180+1"]
[EndTime "11:32:56 PST"]
[Termination "BegmuratovKh2010 won by checkmate"]

1. e4 e5 2. Nf3 Nc6 3. Nc3 Nf6 4.
d4 exd4 5. Nxd4 d6 6. Nxc6 bxc6 7.
Bd3 Be7 8. O-O O-O 9. f4 Nd7 10. Qe1 Bf6 11. Qg3 Qe7 12. Bd2 a5 13. Rae1 Bd4+ 14.
Kh1 Bf6 15. a4 Bh4 16. Qf3 Bxe1 17. Rxe1 Nc5 18. Qg3 Nxd3 19. cxd3 f6 20. f5 Rb8 21. Nd1 Ba6 22. Bxa5 Rfe8 23. Bc3 Rb3 24. Nf2 d5 25.
Ng4 d4 26. Bxd4 Rxd3 27. Nxf6+ Qxf6 28. Bxf6 Rxg3 29. hxg3 gxf6 30. Rc1 Bb7 31. Rc4 Ra8 32. Kg1 Kf7 33. Kf2 Ke7 34. Ke3 Kd6 35. Kd4 c5+ 36. Ke3 Bc6 37. b4 cxb4 38. Rxb4 Rxa4 39. Rb2 Rxe4+ 40. Kd3 Re5 41. g4 Re4 42. g5 fxg5 43.
Rb8 Rf4 44. Rd8+ Ke5 45. Rc8 Rxf5 46. Rxc7 Bxg2 47. Rxh7 Be4+ 48. Ke2 Rf2+ 49. Ke3 Bxh7 50. Kxf2 Kf4 51. Kg2 g4 52. Kh2 Be4 53. Kg1 g3 54.
Kf1 Ke3 55. Kg1 Kf3 56. Kf1 g2+ 57. Kg1 Ke2 58. Kh2 Kf2 59. Kh3 g1=Q 60. Kh4 Qg6 61. Kh3 Qh5# 0-1

[Event "*** Titled Tuesday Blitz"]
[Site "Chess.com"]
[Date "2020.11.03"]
[Round "8"]
[White "Sergienko_Sergey"]
[Black "Orest_Vovk"]
[Result "0-1"]
[WhiteElo "2320"]
[BlackElo "2450"]
[TimeControl "180+1"]
[EndTime "11:32:56 PST"]
[Termination "Orest_Vovk won on time"]

1. e4 g5 2. d4 g4 3. Nc3 Bg7 4. Be3 c5 5. dxc5 Bxc3+ 6. bxc3 Nc6 7. Qxg4 Nf6 8. Qh4 Qa5 9. Ne2 b6 10. cxb6 d6 11. Bd2 Rg8 12. Ng3 Rg4 13. Qh6 Nxe4 14.
Be2 Nxg3 15. hxg3 Re4 16. Qxh7 Rxe2+ 17. Kxe2 Ba6+ 18. Kd1 axb6 19. Qe4 Kd7 20. Re1 Rc8 21. a4 Ne5 22. Qb4 Qd5 23. Rxe5 Qxe5 24. Qxb6 Qe2+ 25. Kc1 Rc7 26. Qe3 Qf1+ 27. Qe1 Qxg2 28. Rb1 Qc6 29. Qe3 Qxa4 30. Qf4 Qa3+ 31. Kd1 Bc4 32. Qf5+ Be6 33. Qb5+ Rc6 34. Qb7+ Rc7 35. Qb5+ Kd8 36. Qb8+ Rc8 37. Qb6+ Ke8 38. Qb5+ Bd7 39. Qh5 Bc6 40. Qh8+ Kd7 41. Qh3+ e6 42. Qh7 Bf3+ 43. Ke1 Rf8 44. Qd3 Qa8 45. Qe3 Rh8 0-1

[Event "*** Titled Tuesday Blitz"]
[Site "Chess.com"]
[Date "2020.11.03"]
[Round "8"]
[White "Duhless"]
[Black "BilodeauA"]
[Result "1/2-1/2"]
[WhiteElo "2997"]
[BlackElo "2884"]
[TimeControl "180+1"]
[EndTime "11:32:57 PST"]
[Termination "Game drawn by agreement"]

1. e4 e5 2. Nf3 Nc6 3. d4 exd4 4.
Nxd4 Nf6 5. Nxc6 bxc6 6. Bd3 d5 7. exd5 cxd5 8. O-O Bd6 9. Re1+ Be6 10. Bb5+ Nd7 11.
Bc6 Rb8 12. Bxd5 O-O 13. Bxe6 fxe6 14. Qe2 Rb4 15. Nd2 Ne5 16. Ne4 Qh4 17. Nxd6 cxd6 18. f4 Ng4 19. g3 Qh5 20. Bd2 Re4 21. Qg2 Qc5+ 22. Kf1 Qb5+ 23. Re2 d5 24. b3 e5 25.
c4 Qb7 26. cxd5 Rxe2 27. Qxe2 exf4 28. Qxg4 fxg3+ 29. Kg1 Qb6+ 30. Kh1 Qf2 31. hxg3 Qxd2 32. Qe6+ Kh8 33. Re1 h6 34. d6 Rf2 35. Qe8+ Kh7 36. Qe4+ Kh8 37. Qe8+ Kh7 38. Qe4+ Kh8 39. Kg1 Rf8 40. Qe3 Qxd6 41. Rf1 Rd8 42. Kg2 Qc6+ 43. Qf3 Qg6 44. Rf2 Kh7 45. Qf5 Qxf5 46. Rxf5 Kg6 47. Ra5 Rd7 48. Kh3 h5 49. Kh4 1/2-1/2

[Event "*** Titled Tuesday Blitz"]
[Site "Chess.com"]
[Date "2020.11.03"]
[Round "8"]
[White "Indianlad"]
[Black "AlexeiShirov"]
[Result "1-0"]
[WhiteElo "2950"]
[BlackElo "2800"]
[TimeControl "180+1"]
[EndTime "11:32:57 PST"]
[Termination "Indianlad won by resignation"]

1. Nf3 d5 2. d4 Nf6 3. Bf4 c5 4. e3 Nc6 5. Nbd2 Qb6 6. dxc5 Qxb2 7. Rb1 Qc3 8. Bb5 e6 9. O-O Be7 10. Nb3 Nd7 11. Qd3 Qxd3 12. cxd3 O-O 13. d4 Bd8 14.
Rfc1 Re8 15. a4 f6 16. Bd6 a5 17. h3 Kf7 18. Nbd2 Nb4 19. e4 g5 20. exd5 exd5 21. Nf1 Be7 22. Bc7 Bd8 23. Bxd8 Rxd8 24. Ne3 Nf8 25. Ne1 Ne6 26. N1c2 Nc6 27. Bxc6 bxc6 28.
Nf5 Nf4 29. Nd6+ Rxd6 30. cxd6 Ne2+ 31. Kf1 Nxc1 32. Rxc1 Ke6 33. Ne3 Kxd6 34. Rc5 Bd7 35. g4 h5 36. gxh5 Bxh3+ 37. Ke2 Rh8 38. Rxa5 Rxh5 39.
Ra8 Bd7 40. a5 Rh1 41. Nc2 Bf5 42. Nb4 Rb1 43. Na6 Rb2+ 44. Ke1 Bg4 45. Nc5 Re2+ 46. Kf1 Bf3 47. Ra7 Bg4 48. f3 Rd2 49. fxg4 Rxd4 50. Nb7+ Kc7 51. Nc5+ Kd6 52. Nd7 Rxg4 53. a6 Ra4 54.
Nb6 Rb4 55. Rb7 Kc5 56. a7 Rb1+ 57. Ke2 Ra1 58. a8=Q Rxa8 59. Nxa8 1-0

[Event "*** Titled Tuesday Blitz"]
[Site "Chess.com"]
[Date "2020.11.03"]
[Round "8"]
[White "ChristopherYoo"]
[Black "Kavyev_Ruslan"]
[Result "1-0"]
[WhiteElo "2839"]
[BlackElo "2503"]
[TimeControl "180+1"]
[EndTime "11:32:57 PST"]
[Termination "ChristopherYoo won by resignation"]

1. Nf3 Nf6 2. c4 g6 3. Nc3 d5 4.
Qa4+ Bd7 5. Qb3 Bc6 6. cxd5 Bxd5 7. Nxd5 Qxd5 8. Qc2 Nc6 9. b3 Bg7 10. Bb2 O-O 11. g3 e5 12. d3 Rac8 13. Bg2 Nd4 14. Qd1 c6 15. O-O Qd6 16. Nd2 Rfe8 17. Nc4 Qd7 18.
e3 b5 19. Nxe5 Rxe5 20. Bxd4 Ree8 21. Rc1 Nd5 22. Bxg7 Kxg7 23. Qd2 c5 24. Rfd1 b4 25. Bxd5 Qxd5 26. Rc4 Red8 27. Qc2 Qf3 28. Rf4 Qd5 29. Qb2+ Kg8 30. h4 h5 31. Qc2 Rc6 32. Rc4 Qf3 33. Rd2 Rdc8 34. Rf4 Qd5 35. Qc4 Qd7 36. Kg2 a5 37.
Rc2 Rd6 38. d4 Rdc6 39. d5 Rd6 40. e4 Qe7 41. Qd3 Qe5 42. Qe3 Rf6 43. Rxf6 Qxf6 44. Rxc5 Rxc5 45. Qxc5 Qe5 46. Kf3 f5 47. Qc4 Qc3+ 48.
Qxc3 bxc3 49. Ke2 fxe4 50. Kd1 Kf7 51. Kc2 Ke7 52. Kxc3 Kd6 53. Kd4 1-0

[Event "*** Titled Tuesday Blitz"]
[Site "Chess.com"]
[Date "2020.11.03"]
[Round "8"]
[White "Balla_Tamas"]
[Black "Godzillator"]
[Result "0-1"]
[WhiteElo "2486"]
[BlackElo "2337"]
[TimeControl "180+1"]
[EndTime "11:32:57 PST"]
[Termination "Godzillator won by resignation"]

1. d4 d5 2. c4 c6 3. Nc3 Nf6 4. Bg5 Ne4 5. Nxe4 dxe4 6. Qd2 Bf5 7. e3 Nd7 8. Ne2 Nf6 9. Nc3 e6 10. h3 Be7 11. g4 Bg6 12. Bg2 Bb4 13. a3 Bxc3 14.
Qxc3 h6 15. Bf4 h5 16. g5 Ng8 17. h4 Ne7 18. O-O-O Bf5 19. Qc2 b5 20. Bxe4 bxc4 21. Bxf5 Nxf5 22. Qxc4 Qd5 23. Qc2 Qb5 24. e4 Ne7 25.
Bd6 Nc8 26. Bc5 Nb6 27. Rh3 Qc4 28. Rc3 Qa2 29. Qb3 Qxb3 30. Rxb3 Rb8 31. Kc2 Kd7 32.
f4 g6 33. Rf1 Rhe8 34. Bxb6 Rxb6 35. Rxb6 axb6 36. Kd3 Kd6 37. f5 exf5 38. exf5 Kd5 39. fxg6 fxg6 40. Rf6 Re1 41. Rxg6 Rd1+ 42. Kc3 Rc1+ 43.
Kd2 Rh1 44. Rg8 Rxh4 45. Rd8+ Ke6 46. g6 Rg4 47. Rb8 Rxg6 48. Rxb6 Kd5 49. Rb8 Kxd4 50. Rb4+ Kd5 51. Rh4 Rg5 52. Kc3 Kc5 53. a4 Kb6 54. b4 Ka6 55. Kd4 Kb6 56. Ke4 c5 57.
b5 Ka5 58. Kf4 Rd5 59. Rh1 Kxa4 60. b6 Rd7 61. Rxh5 Kb5 62. Rh6 Rb7 63. Ke3 Rxb6 64. Rh4 Rd6 65. Rh1 c4 66. Rb1+ Ka4 67. Rc1 Kb3 68.
Rb1+ Kc2 69. Rh1 c3 70. Rh2+ Kb1 71. Rh1+ Kb2 0-1

[Event "*** Titled Tuesday Blitz"]
[Site "Chess.com"]
[Date "2020.11.03"]
[Round "8"]
[White "Klavdia_Nik"]
[Black "Ajedrez_con_German"]
[Result "0-1"]
[WhiteElo "2113"]
[BlackElo "2472"]
[TimeControl "180+1"]
[EndTime "11:32:57 PST"]
[Termination "Ajedrez_con_German won on time"]

1. Nf3 Nf6 2. c4 c6 3. b3 d5 4. Bb2 Bf5 5. g3 e6 6. Bg2 Be7 7. O-O O-O 8. d3 h6 9. Nbd2 a5 10. a3 Nbd7 11. Qc2 Bh7 12. Bc3 Bd6 13. Qb2 Qe7 14.
d4 Ne4 15. Nxe4 Bxe4 16. c5 Bc7 17. b4 b5 18. e3 Ra6 19. Nd2 Bxg2 20. Kxg2 Rfa8 21.
f4 f5 22. Nf3 g5 23. Ne5 Nxe5 24. dxe5 Kh7 25. Kf2 Bd8 26. Rh1 Qa7 27. h4 gxh4 28. gxh4 axb4 29. Bxb4 Qf7 30. Qe2 Ba5 31. Bxa5 Rxa5 32.
Qb2 Rg8 33. h5 Raa8 34. Rag1 Rxg1 35. Kxg1 Rg8+ 36. Kf1 Qg7 37. Qf2 Qg4 38. Ke1 Ra8 39. Rg1 Qxh5 40. Qg2 Qf7 41. Qb2 Rg8 42. Rh1 Qg6 43.
Qh2 Qg3+ 44. Ke2 Qg2+ 0-1

[Event "*** Titled Tuesday Blitz"]
[Site "Chess.com"]
[Date "2020.11.03"]
[Round "8"]
[White "brunomorado"]
[Black "lefonghua"]
[Result "1/2-1/2"]
[WhiteElo "2440"]
[BlackElo "2339"]
[TimeControl "180+1"]
[EndTime "11:32:57 PST"]
[Termination "Game drawn by agreement"]

1. d4 Nf6 2. Nc3 d5 3. Bg5 g6 4. Nf3 Bg7 5. e3 O-O 6. Bd3 c5 7. O-O Nc6 8. Ne5 cxd4 9. Nxc6 bxc6 10. exd4 Rb8 11. Na4 Nd7 12. c3 Re8 13. Re1 f6 14.
Bf4 e5 15. Bg3 Qc7 16. c4 Nb6 17. Nxb6 axb6 18. cxd5 cxd5 19. Bb5 Rd8 20. Rc1 Qe7 21. Bc6 Bb7 22. Qb3 Bxc6 23. Rxc6 b5 24. Rc5 Qf7 25. dxe5 fxe5 26. Bxe5 Re8 27. Qxd5 Qxd5 28. Rxd5 Ra8 29. Rxb5 Rxa2 30. f4 Bxe5 31. fxe5 Re6 32. Rb7 Ra5 33.
Rd1 Raxe5 34. Rd8+ Re8 35. Rxe8+ Rxe8 36. Kf2 Rc8 37. Kg3 Rc4 38. h4 h5 39. Rb6 Kg7 40.
b3 Rd4 41. Rc6 Rd3+ 42. Kf4 Rxb3 43. g3 Rb4+ 44. Kf3 Rb3+ 45. Kg2 Rb4 46. Kh3 Kh6 47. Rd6 Rb2 48. Rd3 Rc2 49. Rd6 Re2 50. Rd8 Rf2 51.
Rh8+ Kg7 52. Ra8 Rb2 53. Ra5 Kh6 54. Rg5 Rc2 55. Re5 Rc1 56. Re2 Rh1+ 57. Kg2 Ra1 58. Re5 Ra2+ 59. Kh3 Ra3 60. Rd5 Ra2 61. Re5 Rb2 62. Rd5 Re2 1/2-1/2